 Dungeon Crawl Stone Soup version 0.32-a0-141-g04fe69798e (webtiles) character file.

Game seed: 4032252809160563519

26 EC1 the Chiller (level 2, 0/15 HPs)
             Began as a Deep Elf Ice Elementalist on Feb 11, 2024.
             Frozen to death by an endoplasm (5 damage)
             ... on level 2 of the Dungeon.
             The game lasted 00:03:20 (755 turns).

EC1 the Chiller (Deep Elf Ice Elementalist)          Turns: 755, Time: 00:03:20

Health: 0/15       AC:  4    Str:  5    XL:     2   Next: 89%
Magic:  7/8        EV: 12    Int: 19    God:
Gold:   77         SH:  0    Dex: 15    Spells: 6/7 levels left

rFire   + . .        c - +0 short sword
rCold   . . .        (no shield)
rNeg    . . .        a - +1 robe
rPois   .            (no helmet)
rElec   .            (no cloak)
rCorr   .            i - +0 pair of gloves
SInv    .            (no boots)
Will    .....        (no amulet)
Stlth   ++           e - ring of protection from fire
HPRegen 0.22/turn    (no ring)
MPRegen 0.11/turn

%: no passive effects
@: no status effects
A: no striking features
a: no special abilities


You were on level 2 of the Dungeon.
You visited 1 branch of the dungeon, and saw 2 of its levels.

You collected 77 gold pieces.

Inventory:

Hand Weapons
 c - a +0 short sword (weapon)
Armour
 a - a +1 robe (worn)
 g - a +0 robe
 i - a +0 pair of gloves (worn)
Jewellery
 e - a ring of protection from fire (left hand)
Scrolls
 f - a scroll of noise {unknown}
 h - a scroll of revelation {unknown}
Potions
 b - 2 potions of magic
 d - 2 potions of cancellation {unknown}


   Skills:
 + Level 0.2 Short Blades
 + Level 2.6 Dodging
 + Level 2.5 Stealth
 + Level 3.4 Spellcasting
 + Level 5.1 Ice Magic


You had 6 spell levels left.
You knew the following spells:

 Your Spells              Type           Power      Damage    Failure   Level
a - Freeze                Ice            88%        1d9       1%          1

Your spell library contained the following spells:

 Spells                   Type           Power      Damage    Failure   Level
 Frozen Ramparts          Ice            44%        1d7       5%          3
 Ozocubu's Armour         Ice            22%        N/A       5%          3
 Summon Ice Beast         Ice/Summ       12%        N/A       16%         3


Dungeon Overview and Level Annotations

Branches:
Dungeon (2/15)

Altars:

Shops:
D:1 (


Message History

Aiming: Freeze (safe; 1% risk of failure)
Press: ? - help, Shift-Dir - straight line, f - endoplasm
Aim: an endoplasm (heavily wounded)
You freeze the endoplasm.
You kill the endoplasm!
Casting: Freeze (safe; 1% risk of failure)
Confirm with . or Enter, or press ? or * to list all spells.
Aiming: Freeze (safe; 1% risk of failure)
Press: ? - help, Shift-Dir - straight line, f - endoplasm
Aim: an endoplasm You freeze the endoplasm.
The endoplasm is almost dead.
The endoplasm freezes you.
You are frozen.
Casting: Freeze (safe; 1% risk of failure)
Confirm with . or Enter, or press ? or * to list all spells.
Aiming: Freeze (safe; 1% risk of failure)
Press: ? - help, Shift-Dir - straight line, f/p - endoplasm
Aim: an endoplasm (severely wounded)
You freeze the endoplasm.
You kill the endoplasm!
You see here a frilled lizard corpse.
You now have 74 gold pieces (gained 14).
An endoplasm comes into view.
You see here 3 gold pieces.
An endoplasm comes into view. 2 jackals come into view.
The endoplasm quivers.
You see here 3 gold pieces.
You now have 77 gold pieces (gained 3).
The endoplasm freezes you.
You are frozen.
The endoplasm attacks as it pursues you!
The endoplasm hits you. The endoplasm freezes you.
You are frozen.
You hit the endoplasm but do no damage. The endoplasm freezes you.
You are frozen.
You die...

#............. #
#..........#... #.###
#..............
#..... #..........#.♣
#.....###........(..♣
#.......#.........#
....#.†.........#♣
J..###..J....<..♣
#..##..@.......♣
#..♣.♣.♣.♣....#
#...........##
#..♣.♣.♣.♣.#..#
#.........#..#..#
h..?..♣.♣.♣.♣.......
....?...$...).......
..... ♣.♣.♣.♣.. ...
..... ... .....


You could see an endoplasm.

Vanquished Creatures
  8 endoplasms
  2 goblins (D:1)
  A hobgoblin (D:1)
  3 kobolds (D:1)
  2 ball pythons (D:1)
  2 bats (D:1)
  5 frilled lizards
  2 rats (D:1)
25 creatures vanquished.

Notes
Turn   | Place    | Note
-------+----------+-------------------------------------------
     0 | D:1      | EC1 the Deep Elf Ice Elementalist began the quest for the
                  | Orb.
     0 | D:1      | Reached XP level 1. HP: 10/10 MP: 6/6
   128 | D:1      | Reached XP level 2. HP: 8/15 MP: 8/8
   381 | D:1      | Found Fowk's Antique Weapon Boutique.
   481 | D:1      | Reached skill level 5 in Ice Magic
   755 | D:2      | Frozen to death by an endoplasm

Illustrated notes

Levels and vault maps discovered:
D:1:      minmay_arrival_arboretum_small, layout_rooms, serial_shops,
          nicolae_shop_real_fake_doors
D:2:      layout_rooms, serial_forest, infiniplex_forest_end_2,
          infiniplex_forest_clump_C, infiniplex_forest_lined_room_2,
          infiniplex_forest_zigzag_1, infiniplex_forest_end_2,
          infiniplex_forest_end_1, infiniplex_forest_clump_small, basic_altar

Skill      XL: |  1  2 |
---------------+-------+-----
Ice Magic      | 5 |  5.1
Short Blades   | |  0.2
Dodging        | |  2.6
Stealth        | |  2.5
Spellcasting   | |  3.4

Action                     || total
---------------------------++-------
  Melee: Short sword       ||    31
         Punch             ||     1
   Cast: Freeze            ||    22
    Use: Scroll            ||     1
 Armour: Robe              ||    23
  Dodge: Dodged            ||    18

Table legend: (Time is in decaauts)
 A = Elapsed time spent in this place.
 B = Non-inter-level travel time spent in this place.
 C = Inter-level travel time spent in this place.
 D = Time resting spent in this place.
 E = Time spent auto-exploring this place.
 F = Levels seen in this place.
 G = Mean time per level.
                   A        B        C        D        E       F      G
               +--------+--------+--------+--------+--------+-----+--------+
         Total |    753 |    753 |      0 |     58 |    344 |   2 |  376.5 |
       Dungeon |    753 |    753 |      0 |     58 |    344 |   2 |  376.5 |
               +--------+--------+--------+--------+--------+-----+--------+

Top non-repeatable levels by time:
     D:1: 704 daAuts
     D:2: 48 daAuts
